cohdb
Replays
Latest Replays
All Replays
Popular Replays
Top Player Replays
Match Explorer
How It Works
Community
CoH3 Stats
Reddit
Sign in to upload your games and track your stats! →
Sign in with Steam
Match 46163400
Unlisted
Match 46163400
Overview
Messages
Build Orders
End
Kradschützen Motorcycle Team
Selects Italian Combined Arms Battlegroup
Selects Italian Combined Arms Battlegroup
Selects Bersaglieri Squad
250 Light Carrier
Panzergrenadier Squad
Panzergrenadier Squad
Construct Light Support Kompanie
MG34 Team
Selects Vehicle Support - Secure Location
Fire Support Elements
Assault Mechanized Group
Flakvierling Half-track
Pak 38 Anti-tank Gun Team
Selects Vehicle Support - Force Recon
Veteran Squad Leaders
Construct Panzerarmee Kommand
Luce
FoxOnTheFront
不可抱萌物
thecrazycowboygeneral
Adult Asthma Is A Choice
Urge to Merge
0
0
Comments
sign in to comment!
No comments posted yet!